 Dungeon Crawl Stone Soup version 0.17.0-7-gfadd4cc (webtiles) character file.

130 septik the Firebug (level 4, -7/24 HPs)
             Began as a Deep Elf Fire Elementalist on Nov 8, 2015.
             Mangled by an ogre
             ... wielding a +0 giant club
              (22 damage)
             ... on level 4 of the Dungeon on Nov 9, 2015.
             The game lasted 00:09:22 (2326 turns).

septik the Firebug (Deep Elf Fire Elementalist)     Turns: 2326, Time: 00:09:23

Health: -7/24      AC:  5    Str:  5    XL:     4   Next: 89%
Magic:  0/10       EV: 13    Int: 21    God:
Gold:   93         SH:  0    Dex: 15    Spells: 2 memorised, 5 levels left

rFire  . . .     SeeInvis .     e - +1 short sword
rCold  . . .     Clarity  .     a - +0 robe
rNeg   . . .     SustAt   .     (no shield)
rPois  .         Gourm    .     (no helmet)
rElec  .         Spirit   .     (no cloak)
rCorr  .         Warding  .     C - +1 pair of gloves
rMut   .         Stasis   .     s - +0 pair of boots
MR     .....                    (no amulet)
Stlth  ++........               (no ring)
                                (no ring)

@: not resistant to hostile enchantments, unstealthy
A: no striking features
a: no special abilities


You were on level 4 of the Dungeon.
You were very hungry.

You visited 1 branch of the dungeon, and saw 5 of its levels.

You collected 93 gold pieces.

Inventory:

Hand Weapons
 e - a +1 short sword (weapon)
Missiles
 f - 15 stones (quivered)
Armour
 a - a +0 robe (worn)
 s - a +0 pair of boots (worn)
 C - a +1 pair of gloves (worn)
Jewellery
 u - an uncursed amulet of the gourmand {unknown}
 v - a +2 ring of strength {unknown}
Scrolls
 h - a scroll of noise
 j - 4 scrolls of identify
 o - 2 scrolls of enchant weapon
Potions
 d - 2 potions of ambrosia {unknown}
 g - a potion of mutation {unknown}
 l - a potion of heal wounds {unknown}
 m - a potion of lignification {unknown}
 r - 3 potions of curing
 w - a potion of poison {unknown}
 z - a potion of degeneration {unknown}
 A - a potion of resistance {unknown}
Books
 b - a book of Flames

   Spells                             Type                      Level
   a - Flame Tongue                   Conjuration/Fire             1
   b - Throw Flame                    Conjuration/Fire             2
   c - Conjure Flame                  Conjuration/Fire             3
   d - Inner Flame                    Hexes/Fire                   3
   e - Sticky Flame                   Conjuration/Fire             4
   f - Fireball                       Conjuration/Fire             5
 x - a Young Poisoner's Handbook

   Spells                             Type                      Level
   a - Sting                          Conjuration/Poison           1
   b - Cure Poison                    Poison                       2
   c - Mephitic Cloud                 Conjuration/Poison/Air       3
   d - Olgreb's Toxic Radiance        Poison                       4
   e - Venom Bolt                     Conjuration/Poison           5
 B - a book of the Tempests

   Spells                             Type                      Level
   a - Static Discharge               Conjuration/Air              3
   b - Lightning Bolt                 Conjuration/Air              5
   c - Fireball                       Conjuration/Fire             5
   d - Tornado                        Air                          9
   e - Shatter                        Earth                        9
Comestibles
 c - 3 bread rations
 p - 4 fruits
 q - 3 beef jerkies


   Skills:
 - Level 2.4 Dodging
 - Level 2.4 Stealth
 - Level 3.0 Spellcasting
 + Level 3.7 Conjurations
 + Level 5.0 Fire Magic


You had 5 spell levels left.
You knew the following spells:

 Your Spells              Type           Power        Failure   Level  Hunger
a - Flame Tongue          Conj/Fire      ###..        1%          1    None
b - Conjure Flame         Conj/Fire      ###.....     10%         3    ###....


Dungeon Overview and Level Annotations

Branches:
Dungeon (5/15)
 Temple: D:4-7

Altars:
Elyvilon
Gozag
Ru
Zin

Annotations:
D:3 exclusion: downstairs
D:4 exclusion: 2 ogres


Message History

Aim: an ogre, wielding a giant club The flame tongue misses the ogre.
The ogre closely misses you.
Casting: Flame Tongue
Confirm with . or Enter, or press ? or * to list all spells.
Aiming: Flame Tongue
Press: ? - help, Shift-Dir - straight line, f/p - ogre
Aim: an ogre, wielding a giant club The flame tongue hits the ogre.
The ogre is moderately wounded.
The ogre hits you with a giant club!
Casting: Flame Tongue
Confirm with . or Enter, or press ? or * to list all spells.
Aiming: Flame Tongue
Press: ? - help, Shift-Dir - straight line, f/p - ogre
Aim: an ogre, wielding a giant club (moderately wounded)
The flame tongue hits the ogre.
The ogre is severely wounded.
The ogre hits you with a giant club!!
Ouch! That really hurt!
You die...

#....(......#
#....<.?#
#.#O########
# ..# ##.##
#>..# ###.#
###.# #rO@#
......###
#.###. #


You could see an ogre and a quokka.

Vanquished Creatures
  The ghost of puimuR the Covered, a weakling DDWn (D:4)
  2 adders (D:2)
  3 worms (D:2)
  3 giant geckos
  4 giant cockroaches
  11 hobgoblins
  2 jackals (D:2)
  5 kobolds
  A quokka (D:2)
  2 ball pythons
  7 bats
  3 giant newts
  7 goblins
  4 rats
55 creatures vanquished.

Notes
Turn   | Place    | Note
--------------------------------------------------------------
     0 | D:1      | septik the Deep Elf Fire Elementalist began the quest for the Orb.
     0 | D:1      | Reached XP level 1. HP: 10/10 MP: 6/6
   293 | D:1      | Reached XP level 2. HP: 15/15 MP: 2/8
   593 | D:1      | Reached skill level 4 in Fire Magic
   786 | D:2      | Found an opulent altar of Gozag.
   788 | D:2      | Reached XP level 3. HP: 19/19 MP: 6/9
   791 | D:2      | Found a glowing silver altar of Zin.
   918 | D:2      | Learned a level 3 spell: Conjure Flame
   931 | D:2      | Found a sacrificial altar of Ru.
  1180 | D:2      | Reached XP level 4. HP: 24/24 MP: 5/10
  1585 | D:3      | Found a white marble altar of Elyvilon.
  2149 | D:4      | Noticed an ogre
  2287 | D:4      | Noticed an ogre
  2287 | D:4      | Noticed puimuR's ghost (weakling DDWn)
  2302 | D:4      | Killed puimuR's ghost
  2302 | D:4      | Reached skill level 5 in Fire Magic
  2314 | D:5      | Entered Level 5 of the Dungeon
  2314 | D:5      | Noticed an ice beast
  2322 | D:4      | Noticed an ogre
  2326 | D:4      | Mangled by an ogre

Action                   |  1- 3 |  4- 6 || total
-------------------------+-------+-------++-------
Melee: Short sword       |     4 |       ||     4
Throw: Stone             |     5 |     3 ||     8
 Cast: Flame Tongue      |    76 |    33 ||   109
       Conjure Flame     |     1 |     1 ||     2
  Use: Scroll            |       |     8 ||     8
  Eat: Chunk             |     1 |     2 ||     3
